 Dungeon Crawl Stone Soup version 0.30-a0-1075-gcd70e7a56d (webtiles) character file.

Game seed: 7178143194594463437

21 jimonade the Grasshopper (level 2, 0/19 HPs)
             Began as an Octopode Warper on Apr 15, 2023.
             Slain by Natasha (9 damage)
             ... on level 2 of the Dungeon.
             The game lasted 00:01:14 (862 turns).

jimonade the Grasshopper (Octopode Warper)           Turns: 862, Time: 00:01:15

Health: 0/19       AC:  1    Str: 10    XL:     2   Next: 83%
Magic:  5/5        EV: 13    Int: 15    God:
Gold:   54         SH:  0    Dex: 11    Spells: 5/5 levels left

rFire   . . .      SeeInvis .    a - +0 short sword
rCold   . . .      Faith    .    (no shield)
rNeg    . . .      Spirit   .    (helmet restricted)
rPois   .          Reflect  .    (no amulet)
rElec   .          Rampage  .    e - ring of wizardry
rCorr   .                        (no ring)
Will    .....                    (no ring)
Stlth   ++                       (no ring)
HPRegen 0.23/turn                (no ring)
MPRegen 0.09/turn                (no ring)
                                 (no ring)
                                 (no ring)

@: no status effects
A: almost no armour, amphibious, 8 rings, camouflage 1, gelatinous body 1,
(nimble swimmer 1), tentacles
a: no special abilities


You were on level 2 of the Dungeon.
You visited 1 branch of the dungeon, and saw 2 of its levels.

You collected 54 gold pieces.

Inventory:

Hand Weapons
 a - a +0 short sword (weapon)
 b - a +0 sling
Missiles
 c - 7 boomerangs of dispersal (quivered)
Jewellery
 d - a ring of fire
 e - a ring of wizardry (left tentacle)
 i - a ring of resist corrosion
Scrolls
 g - 2 scrolls of blinking
 h - 4 scrolls of identify {unknown}
 k - a scroll of immolation {unknown}
Potions
 f - a potion of curing {unknown}
 j - a potion of brilliance {unknown}
 l - a potion of magic {unknown}
 m - a potion of attraction {unknown}


   Skills:
 + Level 2.0 Fighting
 + Level 2.1 Short Blades
 + Level 1.2 Throwing
 + Level 2.5 Dodging
 + Level 0.8 Stealth
 + Level 2.1 Spellcasting
 * Level 3.4 Translocations


You had 5 spell levels left.
You didn't know any spells.
Your spell library contained the following spells:

 Spells                   Type           Power      Damage    Failure   Level
 Blink                    Tloc           22%        N/A       3%          2
 Lesser Beckoning         Tloc           22%        N/A       3%          2
 Teleport Other           Tloc           11%        N/A       6%          3
 Vhi's Electric Charge    Tloc/Air       12%        N/A       13%         3
 Manifold Assault         Tloc           11%        N/A       21%         4


Dungeon Overview and Level Annotations

Branches:
Dungeon (2/15)

Altars:

Shops:
D:1 [

Annotations:
D:2 Natasha


Innate Abilities, Weirdness & Mutations

You cannot wear most types of armour.
You are amphibious.
You can wear up to eight rings at the same time.
Your skin changes colour to match your surroundings (Stealth+).
Your rubbery body absorbs attacks. (AC +1, EV +1)
((You are camouflaged when in or above water. (Stealth+)))
You have tentacles for arms and can constrict up to eight enemies at once.


Message History

There is an open door here.
Found a dagger.
l - a black potion
There is an open door here.
You now have 54 gold pieces (gained 15).
Done exploring.
Done exploring.
Search for what [? for help]? .
You enter the shallow water.
There is a stone staircase leading down here.
You climb downwards.
Found a stone staircase leading down.
There is a stone staircase leading up here.
Found a stone staircase leading up.
An endoplasm comes into view.
Found a stone staircase leading down.
An endoplasm is nearby!
You see here a coppery potion.
m - a coppery potion The endoplasm barely misses you.
You hit the endoplasm.
You kill the endoplasm!
No target in view!
Found a hand axe.
You see here a +0 hand axe.
Natasha, a kobold and a hobgoblin come into view.
Found a ring of wizardry.
Natasha casts a spell.
Natasha casts a spell at you. The magic dart hits you!
The cerulean imp hits you from afar with a +0 spear.
You hit Natasha but do no damage. You grab Natasha.
Your squeeze misses Natasha. You constrict Natasha.
Natasha casts a spell at you. You resist with significant effort.
You hit Natasha but do no damage.
Natasha is lightly wounded.
You constrict Natasha. The cerulean imp completely misses you.
Natasha claws you!
You die...

### .K #.. =.
#.# .. #.# .#
#.# .# #.# .#
#@##.#.#...
#####.h........
#..)5..........
#.######......g
#.# ##.#### #.#
.# #.# # #.#
#.#


You could see Natasha and a cerulean imp (summoned).

Vanquished Creatures
  A dart slug (D:1)
  3 endoplasms
  2 giant cockroaches (D:1)
  A hobgoblin (D:1)
  2 jackals (D:1)
  A kobold (D:1)
  A quokka (D:1)
  2 ball pythons (D:1)
  A bat (D:1)
  2 rats (D:1)
16 creatures vanquished.

Notes
Turn   | Place    | Note
-------+----------+-------------------------------------------
     0 | D:1      | jimonade the Octopode Warper began the quest for the Orb.
     0 | D:1      | Reached XP level 1. HP: 14/14 MP: 3/3
    60 | D:1      | Reached XP level 2. HP: 17/19 MP: 5/5
   180 | D:1      | Found a faded altar of an unknown god.
   233 | D:1      | Found Ketz's Antique Armour Shop.
   853 | D:2      | Noticed Natasha
   862 | D:2      | Slain by Natasha

Illustrated notes

Levels and vault maps discovered:
D:1:      minmay_arrival_semitransparent, layout_loops_ring,
          ebering_ecumenical_altar_mist, serial_shops, nicolae_diamond_shop,
          moated_statue, minmay_misc_feat_more_columns, kennysheep_small_spiral
D:2:      layout_loops_ring, basic_altar, uniq_natasha

Action                     || total
---------------------------++-------
  Melee: Short sword       ||    38
         Tentacles         ||    13
         Constrict         ||     9
   Stab: Sleeping          ||     5
 Armour: Skin              ||     2
  Dodge: Dodged            ||    16

Table legend: (Time is in decaauts)
 A = Elapsed time spent in this place.
 B = Non-inter-level travel time spent in this place.
 C = Inter-level travel time spent in this place.
 D = Time resting spent in this place.
 E = Time spent auto-exploring this place.
 F = Levels seen in this place.
 G = Mean time per level.
                   A        B        C        D        E       F      G
               +--------+--------+--------+--------+--------+-----+--------+
         Total |    857 |    817 |     40 |      0 |    688 |   2 |  428.5 |
       Dungeon |    857 |    817 |     40 |      0 |    688 |   2 |  428.5 |
               +--------+--------+--------+--------+--------+-----+--------+

Top non-repeatable levels by time:
     D:1: 803 daAuts
     D:2: 54 daAuts
